 Dungeon Crawl Stone Soup version 0.30-a0-719-gcc4359ea44 (webtiles) character file.

Game seed: 2279123289861053103

7947 browni3141 the Spear-Bearer (level 11, -5/79 HPs)
             Began as a Mummy Cinder Acolyte on Jan 26, 2023.
             Was a Believer of Ignis.
             Slain by a large slime creature (31 damage)
             ... on level 9 of the Dungeon.
             The game lasted 00:23:54 (10276 turns).

browni3141 the Spear-Bearer (Mummy Cinder Acolyte) Turns: 10276, Time: 00:23:55

Health: -5/79      AC: 14    Str: 27    XL:     11   Next: 3%
Magic:  13/13      EV: 11    Int: 13    God:    Ignis [**....]
Gold:   495        SH:  0    Dex:  9    Spells: 12/12 levels left

rFire   . . .      SeeInvis .    b - +1 halberd (venom)
rCold   + + .      Faith    +    (shield currently unavailable)
rNeg    + + +      Spirit   .    n - +3 scale mail
rPois   ∞          Reflect  .    z - +0 helmet
rElec   .          Harm     .    A - +0 cloak
rCorr   .          Rampage  .    (no gloves)
Will    +....                    (no boots) Stlth
                                 r - amulet of the acrobat
HPRegen 0.33/turn                h - ring of protection from cold
MPRegen 0.13/turn                u - +6 ring of strength

@: about to teleport
A: cold resistance 1, negative energy resistance 3, torment resistance 2, heat
vulnerability 1, in touch with death 1, no potions, faith
a: Renounce Religion, Fiery Armour, Foxfire Swarm, Rising Flame


You were on level 9 of the Dungeon.
You worshipped Ignis.
Ignis was pleased with you.
You visited 1 branch of the dungeon, and saw 9 of its levels.
You also visited: Ossuary.

You collected 495 gold pieces.

Inventory:

Hand Weapons
 a - a +0 shortbow
 b - a +1 halberd of venom (weapon)
 q - a +1 halberd of freezing
 y - a +0 trident
Missiles
 i - a throwing net
 E - a curare-tipped dart
Armour
 c - a +0 robe
 d - a +0 ring mail
 j - a +0 chain mail
 n - a +3 scale mail (worn)
 z - a +0 helmet (worn)
 A - a +0 cloak (worn)
Jewellery
 h - a ring of protection from cold (left hand)
 r - an amulet of the acrobat (around neck)
 u - a +6 ring of strength (right hand)
 v - a ring of protection from fire
 D - an amulet of magic regeneration
Wands
 k - a wand of flame (9)
 B - a wand of charming (4)
 F - a wand of acid (1)
Scrolls
 e - a scroll of immolation
 f - 2 scrolls of identify
 g - 5 scrolls of enchant weapon
 l - 3 scrolls of fog
 p - 3 scrolls of amnesia
 s - a scroll of butterflies {unknown}
 t - a scroll of enchant armour {unknown}
 w - a scroll of vulnerability {unknown}
 x - 3 scrolls of poison {unknown}
 C - a scroll of magic mapping {unknown}


   Skills:
 - Level 5.0 Fighting
 - Level 10.0 Polearms
 - Level 3.0 Ranged Weapons
 * Level 8.6 Armour
 - Level 3.0 Dodging
 - Level 1.0 Stealth
 - Level 1.3 Spellcasting
 - Level 2.4 Fire Magic
 + Level 2.2 Evocations


You had 12 spell levels left.
You didn't know any spells.
Your spell library contained the following spells:

 Spells                   Type           Power      Damage    Failure   Level
 Scorch                   Fire           14%        2d6       30%         2
 Necrotise                Necr           4%         1d4       47%         1
 Summon Small Mammal      Summ           0%         N/A       47%         1
 Call Canine Familiar     Summ           0%         N/A       85%         3
 Portal Projectile        Hex/Tloc       0%         N/A       85%         3
 Summon Guardian Golem    Hex/Summ       0%         N/A       85%         3
 Tukima's Dance           Hex            0%         N/A       85%         3
 Vampiric Draining        Necr           1%         2d6       85%         3
 Leda's Liquefaction      Hex/Erth       0%         N/A       99%         4
 Passage of Golubria      Tloc           0%         N/A       99%         4
 Agony                    Necr           1%         N/A       100%        5
 Yara's Violent Unravell  Hex/Tmut       0%         3d3       100%        5


Dungeon Overview and Level Annotations

Branches:
Dungeon (9/15)             Temple (0/1) D:5         Ossuary (visited)
   Lair: D:8-11         Orc: D:9-12

Altars:
Dithmenos
Fedhas
Makhleb
Ru
Trog
Yredelemnul

Shops:
D:1 (

Annotations:
D:5 3 runed translucent doors, soul19's ghost, novice DsFi


Innate Abilities, Weirdness & Mutations

You are immune to poison.
Your flesh is cold resistant. (rC+)
You are immune to negative energy. (rN+++)
You are immune to unholy pain and torment.
You are vulnerable to heat. (rF-)
You are in touch with the powers of death.
You do not drink.
You have a special connection with the divine. (Faith)


Message History

You hit the yak.
The yak is poisoned.
The yak is lightly wounded.
The yak barely misses you. The kobold hits you but does no damage.
You hit the yak.
The yak looks as sick as possible!
The yak is lightly wounded.
The yak gores you but does no damage.
You barely miss the yak.
The yak is lightly wounded.
The yak gores you. The kobold hits you but does no damage.
You puncture the yak!
The yak looks as sick as possible!
The yak is severely wounded.
The yak gores you. The kobold closely misses you.
You barely miss the yak.
The yak is severely wounded.
The yak misses you. The kobold misses you.
The slime creature quivers.
You hit the yak but do no damage.
The yak looks as sick as possible!
The yak is almost dead.
The yak gores you. The kobold barely misses you.
You barely miss the kobold brigand. The yak barely misses you.
The kobold hits you but does no damage. The kobold brigand barely misses you.
You barely miss the kobold.
The slime creature quivers.
The yak gores you! The kobold hits you but does no damage.
The kobold brigand hits you with a +0 dagger.
You slash the yak!
You kill the yak!
The kobold brigand closely misses you. The kobold hits you but does no damage.
You barely miss the kobold.
The kobold hits you but does no damage. x2
The kobold brigand hits you but does no damage.
You closely miss the kobold. The kobold misses you.
The kobold hits you but does no damage. The kobold brigand barely misses you.
You barely miss the kobold. The kobold hits you but does no damage.
The kobold closely misses you.
The kobold brigand completely misses you.
You closely miss the kobold.
The kobold hits you but does no damage. x2
Two slime creatures merge to form a large slime creature.
As you read the scroll of teleportation, it crumbles to dust.
You feel strangely unstable. The large slime creature hits you!!
You die...

#.#....# #<#.#..# ##
##.....#### ...
##)......# ....
#.#..##.######.
..K.K##.#..##........
...KY.KK#............
##K#.###........
#@#K###.#####...
#KJ.............
###>##.#####....
#.##.# .
#########.##.#
#.........##.#
#.##########.#
##########.# #..
#.......##.# ###


You could see a large slime creature and 4 kobolds.

Vanquished Creatures
  A two-headed ogre (D:9)
  A deep elf pyromancer (D:7)
  Maurice (D:8)
  Prince Ribbit (D:5)
  Sigmund (D:5)
  A slime creature (D:8)
  6 yaks (D:9)
  2 wyverns (D:8)
  A water moccasin (D:8)
  4 orc warriors
  A sky beast (D:7)
  An ice beast (D:5)
  A black bear (D:5)
  2 ogres
  3 centaurs (D:8)
  A phantom (D:5)
  4 kobold brigands
  2 necrophages
  Blork the orc (D:5)
  9 scorpions
  5 bullfrogs
  3 wyvern zombies (D:8)
  15 wights
  4 killer bees (D:8)
  5 centaur zombies
  2 human zombies (Ossuary)
  A gnoll bouda (D:7)
  3 hounds
  3 jellies
  An orc priest (D:7)
  Terence (D:2)
  3 scorpion zombies (Ossuary)
  10 orc wizards
  3 killer bee zombies (D:8)
  3 mummies (Ossuary)
  10 gnolls
  13 adders
  A shadow imp (D:7)
  3 white imps
  An ufetubus (D:5)
  5 dart slugs
  29 orcs
  3 ball pythons
  8 bats
  10 endoplasms
  2 giant cockroaches
  8 goblins
  4 hobgoblins
  A jackal (D:3)
  27 kobolds
  4 quokkas
  2 frilled lizards
  A goblin zombie (Ossuary)
  4 hobgoblin zombies (Ossuary)
  A kobold zombie (Ossuary)
  5 orc zombies (Ossuary)
  9 rats
257 creatures vanquished.

Vanquished Creatures (others)
  20 foxfires (D:5)
20 creatures vanquished.

Grand Total: 277 creatures vanquished

Notes
Turn   | Place    | Note
-------+----------+-------------------------------------------
     0 | D:1      | browni3141 the Mummy Cinder Acolyte began the quest for the
                  | Orb.
     0 | D:1      | Reached XP level 1. HP: 18/18 MP: 2/2
   123 | D:1      | Reached skill level 1 in Stealth
   169 | D:1      | Reached XP level 2. HP: 24/24 MP: 4/4
   218 | D:1      | Reached skill level 1 in Ranged Weapons
   402 | D:1      | Found Depehi's Weapon Shop.
   415 | D:1      | Gained mutation: You are in touch with the powers of death.
                  | [Mummy growth]
   415 | D:1      | Reached XP level 3. HP: 29/29 MP: 5/5
   833 | D:2      | Noticed Terence
   865 | D:2      | Killed Terence
   866 | D:2      | Reached XP level 4. HP: 7/35 MP: 6/6
  1025 | D:2      | Reached skill level 3 in Polearms
  1661 | D:3      | Reached XP level 5. HP: 32/41 MP: 7/7
  2224 | D:3      | Found a bloodstained altar of Trog.
  2244 | D:3      | Reached skill level 4 in Polearms
  2530 | D:4      | Found a blossoming altar of Fedhas.
  2594 | D:4      | Reached XP level 6. HP: 34/47 MP: 8/8
  3030 | D:4      | Reached skill level 5 in Polearms
  3773 | D:5      | Entered Level 5 of the Dungeon
  3828 | D:5      | Noticed Prince Ribbit
  3884 | D:5      | Killed Prince Ribbit
  3885 | D:5      | Reached skill level 6 in Polearms
  3885 | D:5      | Reached XP level 7. HP: 12/52 MP: 9/9
  4074 | D:5      | Reached skill level 1 in Armour
  4074 | D:5      | Reached skill level 1 in Dodging
  4084 | D:5      | Noticed Sigmund
  4252 | D:5      | Killed Sigmund
  4413 | D:5      | Found a staircase to the Ecumenical Temple.
  4414 | D:5      | Noticed Blork the orc
  4431 | D:5      | Killed Blork the orc
  4432 | D:5      | Reached XP level 8. HP: 21/58 MP: 10/10
  4624 | D:5      | Reached skill level 7 in Polearms
  4786 | D:5      | Found a runed translucent gate.
  4787 | D:5      | Found a runed translucent gate.
  4788 | D:5      | Found a runed translucent gate.
  4789 | D:5      | Noticed soul19's ghost (novice DsFi)
  5500 | D:6      | Identified the +4 flail of Karma {heavy, rF+++ Str+6 Int-5
                  | Dex-5}
  5508 | D:6      | Found a sand-covered staircase.
  5569 | Ossuary  | Entered an ossuary
  5586 | Ossuary  | Reached skill level 8 in Polearms
  6083 | Ossuary  | Reached XP level 9. HP: 57/65 MP: 11/11
  7236 | D:6      | Reached skill level 5 in Armour
  8082 | D:7      | Noticed a deep elf pyromancer
  8094 | D:7      | Reached skill level 5 in Fighting
  8096 | D:7      | Killed a deep elf pyromancer
  8097 | D:7      | Reached skill level 9 in Polearms
  8220 | D:7      | Reached XP level 10. HP: 70/74 MP: 12/12
  8304 | D:7      | Found a shadowy altar of Dithmenos.
  8395 | D:7      | Found a sacrificial altar of Ru.
  8638 | D:8      | Found a basalt altar of Yredelemnul.
  8752 | D:8      | Noticed Maurice
  8776 | D:8      | Killed Maurice
  9584 | D:8      | Reached skill level 10 in Polearms
 10122 | D:9      | Noticed a two-headed ogre
 10129 | D:9      | Killed a two-headed ogre
 10130 | D:9      | Reached skill level 1 in Evocations
 10186 | D:9      | Found a burning altar of Makhleb.
 10261 | D:9      | Reached XP level 11. HP: 46/79 MP: 13/13
 10276 | D:9      | Slain by a large slime creature

Illustrated notes

Levels and vault maps discovered:
D:1:      sevenhm_arrival_forest_fort_small_3, layout_rooms, serial_shops, shop,
          kennysheep_boxes
D:2:      layout_loops_ring, mrwooster_statue_mirror, uniq_terence
D:3:      layout_loops_cross, trog_book, mainiacjoe_overflow_brackets,
          minmay_diced_spiral
D:4:      layout_cave_pods, mainiacjoe_overflow_cross_hatched
D:5:      layout_basic, minmay_temple_entry_hall, ebering_ghost_rock_garden,
          uniq_prince_ribbit1, uniq_sigmund, uniq_blork_the_orc
D:6:      layout_loops_corners, nicolae_ossuary_entry_monument
D:7:      layout_rooms, mainiacjoe_overflow_concentric_impassable,
          mainiacjoe_overflow_surrounded_room
D:8:      layout_loops_corners, nicolae_yredelemnul_corpse_copse,
          lemuel_crystal_altar, corexii_hall_statues_u,
          chequers_serial_rivers_micro_d, uniq_maurice
D:9:      layout_loops_cross, mainiacjoe_overflow_alcove_4,
          lightli_corner_chamber

Skill      XL: |  1  2  3  4  5  6  7  8  9 10 |
---------------+-------------------------------+-----
Stealth        | 1 |  1.0
Ranged Weapons | 1 2 3 |  3.0
Polearms       | 3 4 6 8 9 10 | 10.0
Armour         | 2 3 6 8 |  8.6
Dodging        | 2 3 |  3.0
Fighting       | 4 5 |  5.0
Evocations     | 2 |  2.2
Spellcasting   | |  1.3
Fire Magic     | |  2.4

Action                     |  1- 3 |  4- 6 |  7- 9 | 10-12 || total
---------------------------+-------+-------+-------+-------++-------
  Melee: Spear             |    59 |    70 |       |       ||   129
         Trident           |       |   169 |   430 |       ||   599
         Punch             |       |     1 |     3 |       ||     4
         Halberd           |       |       |    27 |   302 ||   329
   Fire: Sling             |    68 |    43 |       |       ||   111
         Arbalest          |       |     2 |    22 |       ||    24
         Shortbow          |       |       |       |     5 ||     5
 Invoke: Fiery Armour      |     1 |     3 |     2 |     1 ||     7
         Foxfire Swarm     |       |       |     1 |       ||     1
  Evoke: Wand              |       |       |    12 |     1 ||    13
    Use: Scroll            |     4 |       |     3 |     2 ||     9
 Armour: Robe              |    11 |     3 |       |       ||    14
         Ring mail         |       |     9 |       |       ||     9
         Chain mail        |       |   132 |       |       ||   132
         Scale mail        |       |     3 |   185 |   144 ||   332
  Dodge: Dodged            |    36 |    98 |   218 |   161 ||   513

Table legend: (Time is in decaauts)
 A = Elapsed time spent in this place.
 B = Non-inter-level travel time spent in this place.
 C = Inter-level travel time spent in this place.
 D = Time resting spent in this place.
 E = Time spent auto-exploring this place.
 F = Levels seen in this place.
 G = Mean time per level.
                   A        B        C        D        E       F      G
               +--------+--------+--------+--------+--------+-----+--------+
         Total |  10279 |   9776 |    503 |    519 |   6868 |  10 | 1027.9 |
       Dungeon |   9591 |   9088 |    503 |    519 |   6468 |   9 | 1065.7 |
       Ossuary |    688 |    688 |      0 |      0 |    400 |   1 |  688.0 |
               +--------+--------+--------+--------+--------+-----+--------+

Top non-repeatable levels by time:
     D:6: 1601 daAuts
     D:8: 1571 daAuts
     D:4: 1477 daAuts
     D:5: 1443 daAuts
     D:2: 1091 daAuts
     D:3: 845 daAuts
     D:7: 757 daAuts
 Ossuary: 688 daAuts
     D:1: 529 daAuts
     D:9: 274 daAuts
